Map: Newkirk Precinct TE (Void)

Players

PSiArc

  • Race: Terran Terran
  • League: Master
  • Spawn Location: 5:00

Cham - Winner!

  • Race: Zerg Zerg
  • Spawn Location: 7:00

Event: WESG 2016 Finals

VOD

Have the link to the VOD?

Description

Time

  • Played on: Jan. 13, 2017, 12:13 a.m.
  • Length: 17:10

All games in this series

Show
View Real Time Build Order
Export as new Build Order

PSiArc Terran 

Build Orders: Reaper Expand, MMM Bio 

Get SALT Encoding   

  12  0:00  SCV  
  13  0:13  SCV  
  14  0:18  Supply Depot  
  14  0:25  SCV  
  15  0:40  SCV  
  15  0:41  Barracks  
  16  0:46  Refinery  
  16  0:52  SCV  
  17  1:04  SCV  
  18  1:16  SCV  
  19  1:28  Orbital Command, Reaper  
  20  1:42  Command Center  
  20  1:54  Barracks  
  20  1:55  SCV  
  20  2:01  Barracks Reactor  
  21  2:06  Supply Depot  
  21  2:09  SCV  
  22  2:16  Refinery  
  22  2:21  SCV  
  23  2:31  Factory  
  23  2:37  SCV  
  23  2:40  Marine x2  
  23  2:43  Barracks Tech Lab  
  26  2:52  SCV  
  26  2:55  Orbital Command  
  26  2:58  Marine x2  
  27  3:02  Stimpack  
  27  3:05  SCV  
  30  3:09  Marine  
  31  3:16  Starport  
  31  3:20  SCV  
  31  3:21  SCV  
  31  3:23  Marine  
  31  3:25  Factory Reactor  
  34  3:32  Marine x2, SCV  
  37  3:36  SCV  
  38  3:41  Marine  
  38  3:43  Supply Depot  
  38  3:44  SCV  
  40  3:49  SCV  
  40  3:50  Marine  
  40  3:51  Marine  
  43  3:57  SCV  
  43  3:59  Marine  
  43  4:01  SCV  
  46  4:05  Supply Depot  
  46  4:08  Marine  
  46  4:09  Marine, SCV  
  49  4:10  Medivac x2  
  49  4:15  SCV  
  54  4:19  Factory Reactor  
  54  4:27  Marine, SCV, Supply Depot  
  54  4:28  Marauder, SCV  
  59  4:31  Engineering Bay  
  59  4:34  Marine  
  60  4:41  Supply Depot  
  60  4:42  SCV  
  61  4:46  Supply Depot  
  61  4:49  SCV  
  61  4:51  Marine  
  61  4:52  Marine x2  
  65  4:55  Armory  
  65  4:56  Viking  
  67  5:06  Supply Depot  
  69  5:09  Marine  
  69  5:12  Marine x2  
  72  5:18  SCV, Combat Shields  
  71  5:27  Marine  
  72  5:29  Factory Tech Lab  
  72  5:35  SCV x2  
  72  5:36  Marine x2  
  72  5:39  Command Center  
  74  5:45  Refinery  
  74  5:46  Refinery, Terran Infantry Weapons Level 1  
  74  5:47  SCV x2, Engineering Bay  
  76  5:53  Marine  
  77  5:59  SCV  
  77  6:00  Barracks, SCV  
  77  6:03  Siege Tank  
  82  6:05  Marine  
  82  6:06  Marine  
  84  6:11  SCV  
  84  6:12  SCV  
  84  6:15  Marine  
  87  6:20  Terran Infantry Armor Level 1  
  87  6:23  Marine, SCV  
  87  6:24  SCV  
  90  6:29  Marine  
  90  6:31  Medivac  
  92  6:33  Marine  
  92  6:34  Barracks  
  92  6:35  Barracks, SCV  
  94  6:51  Marine x3, SCV x2, Terran Vehicle Weapons Level 1, Orbital Command, Siege Tank  
  102  7:03  SCV x2  
  102  7:06  Marine x2  
  106  7:08  Marine x2  
  106  7:12  Orbital Command  
  108  7:16  SCV  
  108  7:19  Supply Depot  
  108  7:20  Supply Depot  
  108  7:22  SCV, Medivac x2  
  114  7:24  Barracks Reactor x2  
  114  7:28  SCV  
  115  7:31  Marine  
  115  7:32  Marine  
  117  7:38  Refinery  
  117  7:40  Marine, Missile Turret  
  117  7:41  Marauder  
  117  7:42  Refinery, SCV  
  121  7:44  Supply Depot  
  121  7:45  SCV, Supply Depot  
  121  7:46  SCV  
  123  7:51  Marine  
  123  7:52  Marine x2  
  123  7:53  Siege Tank  
  123  7:55  SCV  
  123  7:56  Supply Depot  
  129  8:04  Marine x4  
  133  8:06  Marine x2  
  134  8:16  SCV x3, Terran Infantry Weapons Level 2  
  134  8:17  Marine, Terran Infantry Armor Level 2  
  138  8:25  Liberator x2  
  138  8:28  SCV x2  
  138  8:40  Marine x5  
  145  8:41  Marauder, Siege Tank  
  151  8:52  Marine x3  
  142  9:00  Barracks x2  
  142  9:01  Barracks  
  144  9:02  Marauder  
  144  9:07  Marine x2  
  146  9:11  Marine x3  
  146  9:13  Command Center, Missile Turret  
  149  9:19  Liberator x2  
  149  9:27  Marine x2  
  149  9:28  Marine, Marauder, Siege Tank  
  157  9:35  Terran Ship Weapons Level 1, Supply Depot  
  157  9:36  Supply Depot  
  161  9:43  Supply Depot  
  161  9:47  Supply Depot  
  161  9:53  Marine x4  
  161  9:54  Barracks Tech Lab x3  
  161  9:57  Marauder  
  166  10:03  Liberator  
  166  10:04  Liberator  
  166  10:09  Marine  
  166  10:10  Marine x3  
  166  10:11  Marine, Siege Tank  
  174  10:19  Marauder  
  179  10:21  Supply Depot  
  169  10:36  Marine x6  
  169  10:37  Marauder x3  
  169  10:39  Concussive Shells  
  169  10:40  Marauder  
  180  10:45  Marine x2  
  147  10:58  Marauder  
  147  11:03  Medivac  
  147  11:04  Marine x2, Medivac  
  124  11:05  Marauder  
  124  11:07  Marine x2, Marauder  
  124  11:09  Marine, Marauder  
  127  11:17  Marine x2  
  129  11:19  Marine  
  129  11:20  Marine  
  129  11:21  Siege Tank  
  129  11:24  Starport  
  134  11:27  Marauder  
  134  11:29  Marauder  
  138  11:37  Marine x8  
  138  11:38  Marauder  
  146  11:42  Medivac x2  
  147  11:48  SCV x2  
  149  11:55  Liberator x2  
  149  12:00  Marine x4  
  155  12:01  Marauder  
  155  12:04  Starport Reactor  
  155  12:15  Marine x4  
  154  12:16  Marauder  
  154  12:17  Siege Tank  
  154  12:22  Planetary Fortress  
  160  12:28  Starport  
  150  12:32  Terran Ship Weapons Level 2  
  150  12:33  Fusion Core  
  150  12:49  Medivac x2  
  154  12:52  Marine x4  
  154  12:53  Marauder  
  154  12:57  Liberator x2  
  160  13:02  Missile Turret  
  160  13:07  Missile Turret  
  160  13:08  Liberator x2  
  160  13:13  Marine x5, Sensor Tower  
  160  13:19  Refinery  
  171  13:20  Starport Tech Lab  
  171  13:21  Refinery  
  171  13:23  Marine  
  171  13:24  Missile Turret  
  171  13:25  Sensor Tower  
  171  13:26  Ghost Academy  
  178  13:30  Terran Infantry Weapons Level 3  
  178  13:39  Marine x3  
  178  13:40  Marine x2  
  178  13:41  Marauder  
  185  13:47  Marine x2  
  187  13:50  Advanced Ballistics  
  187  14:02  Liberator x3  
  178  14:03  Marine x2  
  178  14:04  Marauder  
  181  14:13  Marine x2  
  181  14:14  Marauder  
  177  14:18  Marine x3  
  177  14:21  Marine x5  
  183  14:37  Command Center  
  183  14:42  Command Center  
  183  14:53  Marine  
  183  14:54  Marine x2, Ghost x2  
  183  14:55  Ghost  
  183  14:56  Ghost  
  191  15:19  Marine x3  
  194  15:25  Ghost x2  
  188  15:28  Personal Cloaking  
  188  15:37  Marine x3  
  188  15:39  Liberator x2  
  188  15:56  Marine x3  
  197  15:57  Orbital Command  
  197  16:10  Viking x2  
  154  16:33  Marine x4, Viking  
  154  16:39  Viking  
  149  16:45  Marine x2  
Show
View Real Time Build Order
Export as new Build Order

Cham Zerg - Winner!

Build Orders: Hatch First 

Get SALT Encoding   

  12  0:00  Drone  
  13  0:08  Drone  
  14  0:17  Overlord  
  14  0:36  Drone  
  14  0:37  Drone x2  
  17  0:52  Hatchery  
  17  0:55  Drone  
  17  0:59  Drone  
  18  1:07  Extractor  
  17  1:14  Spawning Pool  
  17  1:18  Drone  
  17  1:22  Drone  
  19  1:32  Drone  
  19  1:43  Overlord  
  19  2:00  Queen  
  21  2:02  Zergling x2  
  21  2:03  Zergling x2  
  21  2:05  Queen  
  21  2:06  Zergling x2  
  26  2:09  Metabolic Boost  
  26  2:15  Drone  
  27  2:18  Drone  
  28  2:26  Overlord  
  28  2:28  Drone  
  29  2:39  Drone x2  
  31  2:47  Queen x2  
  35  2:51  Drone  
  35  2:55  Overlord  
  36  2:59  Drone x2  
  38  3:07  Drone  
  38  3:09  Drone  
  40  3:18  Drone x2  
  40  3:19  Drone x4  
  46  3:22  Drone x2  
  48  3:41  Hatchery  
  48  3:44  Drone, Roach Warren  
  48  3:45  Drone x2  
  48  3:46  Drone  
  50  3:48  Extractor  
  50  3:53  Overlord  
  49  3:59  Drone x3  
  52  4:07  Overlord  
  52  4:12  Overlord  
  52  4:14  Drone  
  53  4:19  Zergling x4  
  55  4:27  Roach  
  55  4:28  Roach x4  
  55  4:30  Roach x3  
  71  4:33  Roach  
  71  4:36  Overlord  
  73  4:44  Evolution Chamber, Zergling x2  
  73  4:50  Drone  
  74  4:53  Zergling x2  
  74  4:55  Drone  
  74  4:58  Queen  
  74  4:59  Overlord  
  78  5:00  Drone x2  
  78  5:01  Drone  
  81  5:10  Drone x5  
  86  5:17  Overlord  
  86  5:18  Drone  
  87  5:24  Drone x2  
  87  5:28  Overlord  
  87  5:31  Drone  
  87  5:32  Lair  
  87  5:39  Extractor  
  87  5:40  Drone x3, Extractor  
  87  5:41  Zergling x4  
  87  5:42  Overlord  
  90  5:46  Overlord  
  90  5:51  Zerg Ground Armor Level 1  
  90  5:53  Overlord  
  90  5:55  Drone x2, Evolution Chamber, Extractor x2  
  90  5:56  Spore Crawler  
  88  6:00  Ravager, Overlord  
  88  6:01  Overlord  
  88  6:03  Overlord  
  89  6:05  Roach x2  
  89  6:06  Roach x2  
  89  6:08  Overlord  
  89  6:10  Roach  
  99  6:11  Ravager  
  99  6:12  Drone  
  99  6:15  Drone x2  
  99  6:16  Drone  
  104  6:18  Drone x2  
  104  6:21  Zerg Melee Weapons Level 1  
  106  6:32  Drone  
  107  6:33  Drone x2  
  107  6:35  Drone x4  
  107  6:38  Overlord x2  
  113  6:43  Roach  
  113  6:44  Infestation Pit, Roach x2  
  113  6:46  Glial Reconstitution  
  118  6:52  Drone  
  118  6:53  Baneling Nest  
  118  6:54  Zergling x6  
  119  7:00  Zergling x4  
  119  7:01  Zergling x2  
  124  7:05  Overlord  
  124  7:06  Zergling x6  
  127  7:11  Drone  
  128  7:16  Zergling x6  
  128  7:17  Ravager  
  128  7:20  Zergling x4  
  128  7:21  Hatchery  
  133  7:23  Zergling x2  
  133  7:26  Zergling x2  
  133  7:27  Zergling x2  
  133  7:28  Overlord  
  133  7:29  Zergling x2  
  137  7:31  Overlord  
  137  7:32  Overseer  
  137  7:35  Zergling x2  
  138  7:39  Infestor x2  
  138  7:42  Hive, Overlord  
  138  7:43  Zergling x2  
  143  7:48  Overlord  
  144  7:51  Drone  
  144  7:53  Spore Crawler  
  142  8:00  Zergling x6  
  142  8:01  Drone x3  
  142  8:02  Drone x3  
  150  8:12  Baneling x9  
  150  8:13  Centrifical Hooks  
  150  8:14  Zergling x2  
  150  8:16  Ravager x5  
  150  8:17  Zergling x4  
  158  8:20  Drone  
  158  8:21  Overlord  
  158  8:23  Zergling x4  
  158  8:26  Extractor  
  160  8:28  Zergling x8  
  160  8:29  Zergling x2  
  163  8:37  Drone x2  
  163  8:38  Drone  
  163  8:39  Zergling x6  
  163  8:40  Zergling x2  
  170  8:41  Zergling x2  
  171  8:53  Hatchery  
  170  8:55  Adrenal Glands  
  170  8:56  Drone  
  170  8:57  Ultralisk Cavern  
  170  8:59  Drone x2  
  170  9:00  Drone  
  173  9:04  Zergling x4  
  173  9:09  Drone x3  
  179  9:10  Drone x2  
  179  9:12  Zergling x2  
  179  9:13  Zergling x2  
  179  9:14  Extractor  
  181  9:18  Overlord  
  181  9:19  Zergling x4  
  184  9:24  Spire, Zergling x2  
  184  9:28  Zergling x6  
  186  9:39  Zerg Ground Armor Level 2, Zerg Melee Weapons Level 2  
  186  9:41  Zergling x6  
  186  9:43  Baneling x2  
  186  9:44  Baneling x2  
  189  9:47  Ravager x4  
  189  9:48  Ravager x2  
  189  9:49  Zergling x2  
  196  9:53  Chitinous Plating  
  196  9:57  Zergling x6  
  199  10:02  Zergling x2  
  199  10:06  Baneling x2, Overseer  
  199  10:07  Baneling x3  
  199  10:11  Drone x2  
  199  10:13  Drone  
  199  10:14  Drone  
  199  10:28  Zergling x4  
  190  10:36  Zergling x14  
  190  10:37  Zergling x10  
  174  10:57  Ultralisk x4  
  162  11:05  Infestor x2  
  162  11:06  Zergling x2  
  162  11:07  Zergling x16  
  169  11:13  Spore Crawler  
  169  11:14  Spore Crawler  
  169  11:16  Spine Crawler  
  169  11:18  Greater Spire, Corruptor  
  164  11:19  Corruptor  
  164  11:20  Zergling x2  
  164  11:21  Zergling x14  
  172  11:34  Hatchery  
  166  11:41  Corruptor x3, Ultralisk  
  166  11:45  Zergling x6  
  166  11:46  Zergling x2  
  174  11:47  Zergling x4  
  176  12:00  Corruptor x3  
  176  12:01  Corruptor  
  182  12:02  Baneling  
  182  12:03  Zergling x4  
  182  12:04  Zergling x2  
  182  12:06  Zergling x2  
  187  12:17  Drone x2, Spore Crawler  
  187  12:18  Corruptor x2  
  187  12:19  Corruptor  
  194  12:25  Corruptor x2  
  198  12:32  Baneling x3  
  198  12:39  Drone x2  
  198  12:41  Baneling x10  
  200  12:48  Extractor  
  199  12:52  Spore Crawler, Spine Crawler  
  199  12:54  Extractor  
  199  12:56  Zerg Ground Armor Level 3  
  191  13:08  Zerg Melee Weapons Level 3  
  191  13:22  Drone x2  
  191  13:25  Spine Crawler  
  191  13:26  Drone  
  193  13:27  Corruptor, Spore Crawler  
  193  13:28  Corruptor x3, Spine Crawler  
  193  13:29  Spore Crawler x2  
  193  13:30  Spore Crawler  
  193  13:31  Baneling x8  
  196  13:35  Zergling x2  
  196  13:36  Zergling x4  
  196  13:37  Zerg Flyer Armor Level 1  
  199  13:42  Spine Crawler  
  199  13:44  Burrow  
  199  13:47  Spore Crawler  
  197  13:49  Drone  
  198  14:01  Brood Lord x2  
  197  14:20  Spore Crawler  
  197  14:23  Spine Crawler  
  190  14:26  Drone x2, Spine Crawler  
  191  14:32  Brood Lord x4  
  191  14:36  Overseer  
  199  14:55  Spine Crawler  
  198  15:12  Hatchery  
  192  15:32  Drone, Spore Crawler  
  192  15:37  Brood Lord  
  192  15:38  Brood Lord x3  
  192  15:40  Spore Crawler  
  198  15:54  Corruptor  
  199  16:07  Corruptor  
  199  16:08  Corruptor  
  180  16:36  Corruptor x6  
  180  16:38  Zergling x2  
  180  16:39  Zergling x4  
Tags
 
Add a new tag
Caveats
  • Supply blocks, unpowered buildings, or Contaminate may cause inaccurate times.
  • Supply counts are checked every 10 seconds.